 Dungeon Crawl Stone Soup version 0.30-a0-743-gbfdf073431 (webtiles) character file.

Game seed: 7857549463732392400

107 kingofthe the Poker (level 4, -6/35 HPs)
             Began as a Merfolk Fighter on Feb 5, 2023.
             Killed by divine providence
             ... invoked by an orc priest
              (13 damage)
             ... on level 3 of the Dungeon.
             The game lasted 00:03:03 (1265 turns).

kingofthe the Poker (Merfolk Fighter)               Turns: 1265, Time: 00:03:04

Health: -6/35      AC:  5    Str: 16    XL:     4   Next: 86%
Magic:  4/4        EV: 11    Int:  7    God:
Gold:   96         SH:  5    Dex: 15    Spells: 3/3 levels left

rFire   . . .      SeeInvis .    b - +0 whip (elec)
rCold   . . .      Faith    .    c - +0 buckler
rNeg    . . .      Spirit   .    k - +0 ring mail
rPois   .          Reflect  .    (no helmet)
rElec   .          Harm     .    (no cloak)
rCorr   .          Rampage  .    (no gloves)
Will    .....                    (no boots)
Stlth   +                        (no amulet)
HPRegen 0.25/turn                (no ring)
MPRegen 0.09/turn                (no ring)

@: no status effects
A: (nimble swimmer 2), mertail
a: no special abilities


You were on level 3 of the Dungeon.
You visited 1 branch of the dungeon, and saw 3 of its levels.

You collected 96 gold pieces.

Inventory:

Hand Weapons
 a - a +0 trident
 b - a +0 whip of electrocution (weapon)
Armour
 c - a +0 buckler (worn)
 k - a +0 ring mail (worn)
Scrolls
 f - a scroll of summoning {unknown}
 g - a scroll of enchant weapon {unknown}
 h - a scroll of vulnerability {unknown}
 l - a scroll of enchant armour {unknown}
Potions
 d - a potion of might
 e - a potion of haste
 i - a potion of curing {unknown}
 j - a potion of magic {unknown}


   Skills:
 - Level 3.2 Fighting
 + Level 3.9(4.3) Polearms
 + Level 1.5(2.2) Staves
 - Level 2.1 Armour
 + Level 2.6 Dodging
 + Level 2.3 Stealth
 - Level 3.0 Shields


You had 3 spell levels left.
You didn't know any spells.
Your spell library contained the following spells:

 Spells                   Type           Power      Damage    Failure   Level
 Lesser Beckoning         Tloc           0%         N/A       86%         2
 Gell's Gravitas          Tloc           0%         N/A       98%         3
 Teleport Other           Tloc           0%         N/A       98%         3


Dungeon Overview and Level Annotations

Branches:
Dungeon (3/15)

Altars:


Innate Abilities, Weirdness & Mutations

((You are very nimble when in or above water. (Stealth+, EV+, Speed+++)))
Your lower body shifts to a powerful aquatic tail in water.


Message History

You closely miss the orc.
The orc priest hits you from afar with a +0 trident.
The orc closely misses you. The orc hits you with a +0 dagger.
You hit the orc. Lightning courses through the orc!!
You kill the orc!
The orc priest closely misses you. The orc hits you but does no damage. x2
The orc priest barely misses you.
You closely miss the orc.
The orc priest hits you from afar with a +0 trident.
The orc hits you but does no damage.
You hit the orc. Lightning courses through the orc!!
You kill the orc!
The orc priest hits you from afar with a +0 trident.
Found a scroll labelled ITIZAU HACENK.
The orc priest misses you.
You closely miss the orc priest. You block the orc priest's attack.
You barely miss the orc priest. You block the orc priest's attack.
You closely miss the orc priest.
The orc priest mumbles some strange prayers to Beogh against you.
Beogh smites you!
* * * LOW HITPOINT WARNING * * *
You barely miss the orc priest. The orc priest barely misses you.
You hit the orc priest.
Lightning courses through the orc priest!
The orc priest is severely wounded.
The orc priest hits you but does no damage.
You hit the orc priest but do no damage.
The orc priest is severely wounded.
The orc priest closely misses you.
You closely miss the orc priest.
The orc priest is severely wounded.
The orc priest closely misses you.
You hit the orc priest but do no damage.
The orc priest is severely wounded.
The orc priest hits you with a +0 trident.
* * * LOW HITPOINT WARNING * * *
You barely miss the orc priest.
The orc priest is severely wounded.
The orc priest calls down the wrath of Beogh upon you.
Beogh smites you!
You die...

##. #. #.. #..##.## #
# .....## #.. #.
#...#####...#
#####.###.#.......###
?......).............
......#)........<..#
......o@#.########..#
......###.# ..... ..#
.... #.## ### #. #.
##


You could see an orc priest.

Vanquished Creatures
  A hound (D:2)
  Natasha (D:2)
  An adder (D:2)
  3 orcs (D:3)
  4 bats
  2 endoplasms
  A giant cockroach (D:1)
  6 goblins
  3 hobgoblins
  7 jackals (D:1)
  4 ball pythons (D:1)
  A frilled lizard (D:1)
  3 kobolds
  A rat (D:1)
38 creatures vanquished.

Vanquished Creatures (others)
  9 plants (D:1)
9 creatures vanquished.

Grand Total: 47 creatures vanquished

Notes
Turn   | Place    | Note
-------+----------+-------------------------------------------
     0 | D:1      | kingofthe the Merfolk Fighter began the quest for the Orb.
     0 | D:1      | Reached XP level 1. HP: 18/18 MP: 1/1
   100 | D:1      | Reached XP level 2. HP: 19/24 MP: 2/2
   142 | D:1      | Reached skill level 1 in Dodging
   152 | D:1      | Reached skill level 1 in Stealth
   523 | D:1      | Reached XP level 3. HP: 22/29 MP: 3/3
   816 | D:2      | Reached skill level 1 in Staves
  1046 | D:2      | Reached XP level 4. HP: 32/35 MP: 4/4
  1083 | D:2      | Noticed Natasha
  1089 | D:2      | Killed Natasha
  1239 | D:2      | You fall into a shaft and drop 1 floor!
  1265 | D:3      | Killed from afar by an orc priest

Illustrated notes

Levels and vault maps discovered:
D:1:      denvon_arrival_planthouse, layout_loops_ring, chequers_jeans
D:2:      layout_loops_corners, serial_glass, glass_columns_a, glass_columns_a,
          uniq_crazy_yiuf_cottage, uniq_natasha
D:3:      layout_rooms, shapermc_ecumenical_altar_rom_forum,
          minmay_misc_feat_square, minmay_close_crescents

Skill      XL: |  1  2  3 |
---------------+----------+-----
Polearms       | 3 |  3.9
Dodging        | 1 2 |  2.6
Stealth        | 1 2 |  2.3
Staves         | 1 |  1.5
Fighting       | |  3.2
Armour         | |  2.1
Shields        | |  3.0

Action                     |  1- 3 |  4- 6 || total
---------------------------+-------+-------++-------
  Melee: Trident           |   117 |    17 ||   134
         Whip              |       |    17 ||    17
   Stab: Sleeping          |     2 |       ||     2
 Armour: Scale mail        |    38 |       ||    38
         Ring mail         |    12 |     6 ||    18
  Dodge: Dodged            |    51 |    12 ||    63
  Block: Buckler           |    29 |     7 ||    36

Table legend: (Time is in decaauts)
 A = Elapsed time spent in this place.
 B = Non-inter-level travel time spent in this place.
 C = Inter-level travel time spent in this place.
 D = Time resting spent in this place.
 E = Time spent auto-exploring this place.
 F = Levels seen in this place.
 G = Mean time per level.
                   A        B        C        D        E       F      G
               +--------+--------+--------+--------+--------+-----+--------+
         Total |   1295 |   1271 |     24 |     11 |    977 |   3 |  431.7 |
       Dungeon |   1295 |   1271 |     24 |     11 |    977 |   3 |  431.7 |
               +--------+--------+--------+--------+--------+-----+--------+

Top non-repeatable levels by time:
     D:1: 822 daAuts
     D:2: 447 daAuts
     D:3: 26 daAuts
